[Event "Croatian-ch Youth U15 2022"]
[Site "Trogir"]
[Date "2022.06.22"]
[Round "1.1"]
[White "Katic, Gabriel"]
[Black "Grgantov, Marin"]
[Result "0-1"]
[ECO "B01"]
[WhiteElo "1343"]
[BlackElo "2081"]
[Annotator "NA RC"]
[PlyCount "56"]
[EventDate "2022.06.22"]
[EventType "swiss"]
[EventCountry "CRO"]
[SourceTitle "playchess.com"]
[Source "ChessBase"]
[SourceQuality "1"]
[TimeControl "5400+30"]

1. e4 d5 2. exd5 Nf6 3. Nf3 Bg4 4. Be2 Qxd5 5. Nc3 Qf5 6. h3 Bxf3 7. Bxf3 c6 8. d3 Nbd7 9. Be3 e6 10. a3 Be7 11. Qe2 O-O 12. O-O Nd5 13. Nxd5 cxd5 14. Rfe1 Rfc8 15. Rac1 Bd6 16. d4 Nb6 17. Bg4 Qg6 18. Bh5 Qf6 19. Bf3 e5 20. c3 e4 21. Bg4 Rc6 22. f3 Nc4 23. Rf1 Nxe3 24. Qxe3 Bf4 25. Qe1 Bxc1 26. fxe4 Qg5 27. exd5 Be3+ 28. Kh1 Rf6 0-1

[Event "Croatian-ch Youth U15 2022"]
[Site "Trogir"]
[Date "2022.06.22"]
[Round "1.2"]
[White "Franc, Borna"]
[Black "Radic, Luka D"]
[Result "1-0"]
[ECO "C01"]
[WhiteElo "2032"]
[BlackElo "1334"]
[Annotator "NA RC"]
[PlyCount "51"]
[EventDate "2022.06.22"]
[EventType "swiss"]
[EventCountry "CRO"]
[SourceTitle "playchess.com"]
[Source "ChessBase"]
[SourceQuality "1"]
[TimeControl "5400+30"]

1. e4 e6 2. d4 d5 3. exd5 exd5 4. Nf3 Bd6 5. Bd3 Ne7 6. O-O O-O 7. Re1 Bf5 8. Bxf5 Nxf5 9. Qd3 g6 10. Nc3 Nc6 11. Nb5 a6 12. Nxd6 Qxd6 13. c3 Rae8 14. Bd2 f6 15. g3 Kh8 16. Bf4 Qd7 17. h4 Rxe1+ 18. Rxe1 Rg8 19. Qe2 Nd8 20. Nh2 g5 21. hxg5 fxg5 22. Be5+ Ng7 23. Qf3 Nde6 24. Qf5 Nc5 25. Bxg7+ Rxg7 26. Qf8+ 1-0

[Event "Croatian-ch Youth U15 2022"]
[Site "Trogir"]
[Date "2022.06.22"]
[Round "1.3"]
[White "Ercegovic, Ivan"]
[Black "Colev, Ivor"]
[Result "0-1"]
[ECO "B80"]
[WhiteElo "1321"]
[BlackElo "1984"]
[Annotator "NA RC"]
[PlyCount "88"]
[EventDate "2022.06.22"]
[EventType "swiss"]
[EventCountry "CRO"]
[SourceTitle "playchess.com"]
[Source "ChessBase"]
[SourceQuality "1"]
[TimeControl "5400+30"]

1. e4 c5 2. Nf3 d6 3. d4 cxd4 4. Nxd4 Nf6 5. Nc3 e6 6. Be3 Be7 7. f3 O-O 8. Qd2 Nc6 9. O-O-O d5 10. Kb1 a6 11. h4 Ne5 12. Be2 Nc4 13. Bxc4 dxc4 14. g4 Qc7 15. h5 b5 16. g5 Ne8 17. g6 b4 18. Nce2 c3 19. bxc3 Rb8 20. Ka1 Bf6 21. Rb1 Nd6 22. cxb4 Rd8 23. c3 e5 24. Nb3 Nxe4 25. Qc2 Nd6 26. gxf7+ Qxf7 27. Rbd1 Bf5 28. Qc1 Nc4 29. Ng3 Rxd1 30. Rxd1 Nxe3 31. Qxe3 Bc2 32. Rg1 Bxb3 33. axb3 Qxb3 34. Ne4 Qa3+ 35. Kb1 Rxb4+ 36. Kc2 Rb2+ 37. Kd3 Qe7 38. Qh6 Qd7+ 39. Ke3 Qa7+ 40. Kd3 Qxg1 41. Nxf6+ gxf6 42. Qxf6 Qf1+ 43. Ke4 Qc4+ 44. Ke3 Re2# 0-1

[Event "Croatian-ch Youth U15 2022"]
[Site "Trogir"]
[Date "2022.06.22"]
[Round "1.4"]
[White "Sundac, Ivano"]
[Black "Supancic, Fran"]
[Result "1-0"]
[ECO "D02"]
[WhiteElo "1978"]
[BlackElo "1328"]
[Annotator "NA RC"]
[PlyCount "105"]
[EventDate "2022.06.22"]
[EventType "swiss"]
[EventCountry "CRO"]
[SourceTitle "playchess.com"]
[Source "ChessBase"]
[SourceQuality "1"]
[TimeControl "5400+30"]

1. d4 d5 2. Bf4 Bf5 3. e3 e6 4. Nf3 Nf6 5. c3 Be7 6. Nbd2 O-O 7. Qb3 b6 8. Ne5 Nfd7 9. Nxd7 Nxd7 10. c4 dxc4 11. Bxc4 Nf6 12. O-O Ne4 13. Rfd1 Bd6 14. Bxd6 cxd6 15. Ba6 Nxd2 16. Rxd2 Qc7 17. f3 d5 18. Rdd1 Rfd8 19. Rac1 Qe7 20. Rc3 h6 21. Rdc1 Rd7 22. Bb5 Rdd8 23. Rc7 Qf8 24. Ba6 Qd6 25. R1c6 Qf8 26. a4 Qe8 27. Qa3 Rd7 28. Bb5 Rxc7 29. Rxc7 Qd8 30. Qc3 a6 31. Bxa6 e5 32. Bb5 exd4 33. exd4 Qg5 34. Qc1 Qf6 35. Qe3 Qd6 36. Rc6 Qb8 37. Qe5 Be6 38. Kf2 Qxe5 39. dxe5 Rb8 40. Ke3 Kf8 41. Kd4 Ke7 42. Rd6 h5 43. Bc6 f6 44. Bxd5 fxe5+ 45. Kxe5 Bxd5 46. Kxd5 b5 47. a5 Ra8 48. b4 Rb8 49. a6 Ra8 50. Rb6 Kf7 51. Kc6 Rc8+ 52. Kb7 Re8 53. Rc6 1-0

[Event "Croatian-ch Youth U15 2022"]
[Site "Trogir"]
[Date "2022.06.22"]
[Round "1.5"]
[White "Trninic, Marko"]
[Black "Jakovic, Roko"]
[Result "0-1"]
[ECO "B87"]
[WhiteElo "1314"]
[BlackElo "1944"]
[Annotator "NA RC"]
[PlyCount "68"]
[EventDate "2022.06.22"]
[EventType "swiss"]
[EventCountry "CRO"]
[SourceTitle "playchess.com"]
[Source "ChessBase"]
[SourceQuality "1"]
[TimeControl "5400+30"]

1. e4 c5 2. Nf3 d6 3. d4 cxd4 4. Nxd4 Nf6 5. Nc3 a6 6. Bc4 e6 7. O-O b5 8. Bb3 Be7 9. Qf3 Qc7 10. e5 Bb7 11. exd6 Bxd6 12. Qh3 O-O 13. Bg5 Be5 14. Bxf6 Bxf6 15. Nxe6 fxe6 16. Bxe6+ Kh8 17. Nd5 Bxd5 18. Bxd5 Nc6 19. Be4 g6 20. Bxg6 Ne5 21. Be4 Rad8 22. Rad1 Nc4 23. b3 Nd2 24. Qf5 Be5 25. Qxf8+ Rxf8 26. Rxd2 Bxh2+ 27. Kh1 Bf4 28. Rd5 Qe7 29. Rfd1 Qh4+ 30. Kg1 Bh2+ 31. Kh1 Bg3+ 32. Kg1 Qh2+ 33. Kf1 Rxf2+ 34. Ke1 Qg1# 0-1

[Event "Croatian-ch Youth U15 2022"]
[Site "Trogir"]
[Date "2022.06.22"]
[Round "1.6"]
[White "Bunic, Emanuel"]
[Black "Car, Jura"]
[Result "1/2-1/2"]
[ECO "D36"]
[WhiteElo "1941"]
[BlackElo "1298"]
[Annotator "NA RC"]
[PlyCount "120"]
[EventDate "2022.06.22"]
[EventType "swiss"]
[EventCountry "CRO"]
[SourceTitle "playchess.com"]
[Source "ChessBase"]
[SourceQuality "1"]
[TimeControl "5400+30"]

1. d4 d5 2. c4 e6 3. Nc3 Nf6 4. cxd5 exd5 5. Bg5 Be7 6. e3 O-O 7. Bd3 Re8 8. Qc2 Nbd7 9. Nf3 c6 10. O-O Nf8 11. Rae1 Ng6 12. Nd2 Qc7 13. Bxf6 Bxf6 14. Nxd5 Qd6 15. Nxf6+ Qxf6 16. Ne4 Qd8 17. Qc5 Be6 18. b3 Bd5 19. Ng3 Qd7 20. f4 b6 21. Qc3 c5 22. dxc5 bxc5 23. Bxg6 hxg6 24. Qxc5 Qb7 25. Rf2 Rac8 26. Qd4 Be6 27. Rd2 Qe7 28. Ne4 Rcd8 29. Nd6 Rd7 30. e4 Red8 31. e5 Bg4 32. Rc1 Kf8 33. Rc6 g5 34. Qe4 g6 35. fxg5 Qxg5 36. Rf2 Be6 37. Qf4 Qh5 38. Rc1 Re7 39. b4 Bd5 40. Re1 Rxd6 41. Re3 Rde6 42. Rfe2 Qf5 43. Qd4 Bc6 44. Qh4 Qh5 45. Qc4 Rxe5 46. g4 Rxe3 47. gxh5 Rxe2 48. Qxc6 gxh5 49. Qh6+ Ke8 50. Qxh5 R2e6 51. h4 Kd7 52. Qb5+ Rc6 53. h5 Ree6 54. Qb7+ Rc7 55. Qd5+ Ke7 56. Kf2 a6 57. h6 Rxh6 58. Qe5+ Kd7 59. Qd5+ Kc8 60. Qa8+ Kd7 1/2-1/2

[Event "Croatian-ch Youth U15 2022"]
[Site "Trogir"]
[Date "2022.06.22"]
[Round "1.7"]
[White "Horjan, Filip"]
[Black "Gal, Andrej"]
[Result "0-1"]
[ECO "A45"]
[WhiteElo "1295"]
[BlackElo "1874"]
[Annotator "NA RC"]
[PlyCount "38"]
[EventDate "2022.06.22"]
[EventType "swiss"]
[EventCountry "CRO"]
[SourceTitle "playchess.com"]
[Source "ChessBase"]
[SourceQuality "1"]
[TimeControl "5400+30"]

1. d4 Nf6 2. Bf4 g6 3. Nc3 d5 4. Nb5 Na6 5. a3 Bg7 6. Nf3 O-O 7. Qd2 c5 8. O-O-O Ne4 9. Qe3 Qb6 10. Nc3 Nxc3 11. bxc3 Be6 12. Bh6 cxd4 13. cxd4 Rac8 14. Bxg7 Kxg7 15. Rd2 Qa5 16. Kb2 Rc6 17. Rd3 Rfc8 18. Rb3 Rxc2+ 19. Kb1 Bf5 0-1

[Event "Croatian-ch Youth U15 2022"]
[Site "Trogir"]
[Date "2022.06.22"]
[Round "1.8"]
[White "Zadro, Matej"]
[Black "Rudan, Niko"]
[Result "1-0"]
[ECO "B22"]
[WhiteElo "1861"]
[BlackElo "1291"]
[Annotator "NA RC"]
[PlyCount "61"]
[EventDate "2022.06.22"]
[EventType "swiss"]
[EventCountry "CRO"]
[SourceTitle "playchess.com"]
[Source "ChessBase"]
[SourceQuality "1"]
[TimeControl "5400+30"]

1. e4 c6 2. d4 d5 3. exd5 cxd5 4. c4 e6 5. cxd5 exd5 6. Nc3 Nc6 7. h3 Nf6 8. Bg5 Be7 9. Nf3 h6 10. Bf4 Bd6 11. Bxd6 Qxd6 12. Bd3 O-O 13. O-O a6 14. Rc1 Re8 15. Qb3 Na5 16. Qa4 Qb6 17. Nxd5 Qd8 18. Nc7 Bd7 19. Qxa5 Bc6 20. b4 Nd5 21. Nxd5 Qxa5 22. bxa5 Bxd5 23. Bc4 Bxf3 24. gxf3 Red8 25. d5 Rd6 26. Bb3 Re8 27. Rfe1 Red8 28. Rc7 b5 29. axb6 Rxb6 30. Rc6 Rxc6 31. dxc6 1-0

[Event "Croatian-ch Youth U15 2022"]
[Site "Trogir"]
[Date "2022.06.22"]
[Round "2.1"]
[White "Grgantov, Marin"]
[Black "Mrkic, Simun"]
[Result "1-0"]
[ECO "B23"]
[WhiteElo "2081"]
[BlackElo "1557"]
[Annotator "NA RC"]
[PlyCount "63"]
[EventDate "2022.06.22"]
[EventType "swiss"]
[EventCountry "CRO"]
[SourceTitle "playchess.com"]
[Source "ChessBase"]
[SourceQuality "1"]
[TimeControl "5400+30"]

1. e4 c5 2. Nc3 e6 3. f4 Nc6 4. Nf3 Qc7 5. d3 a6 6. g3 Nge7 7. Bg2 g6 8. O-O Bg7 9. Be3 b6 10. d4 cxd4 11. Nxd4 O-O 12. Qd2 Bb7 13. Rad1 Rfd8 14. Qf2 Nxd4 15. Bxd4 Bxd4 16. Rxd4 Rac8 17. Rfd1 d5 18. exd5 Bxd5 19. Nxd5 Nxd5 20. Bxd5 exd5 21. c3 Qc5 22. c4 Re8 23. cxd5 Qb5 24. R4d2 Rcd8 25. Qd4 Re7 26. a4 Qb3 27. d6 Re3 28. d7 Qe6 29. Kf2 Re4 30. Qd6 Qc4 31. Qxb6 Rxf4+ 32. Kg1 1-0

[Event "Croatian-ch Youth U15 2022"]
[Site "Trogir"]
[Date "2022.06.22"]
[Round "2.2"]
[White "Kos, Nikola"]
[Black "Franc, Borna"]
[Result "1/2-1/2"]
[ECO "C44"]
[WhiteElo "1523"]
[BlackElo "2032"]
[Annotator "NA RC"]
[PlyCount "57"]
[EventDate "2022.06.22"]
[EventType "swiss"]
[EventCountry "CRO"]
[SourceTitle "playchess.com"]
[Source "ChessBase"]
[SourceQuality "1"]
[TimeControl "5400+30"]

1. e4 e5 2. Nf3 Nc6 3. d4 exd4 4. Bc4 Bc5 5. c3 d3 6. Qxd3 d6 7. Be3 Bxe3 8. Qxe3 Nf6 9. h3 O-O 10. O-O Qe7 11. Nbd2 Ne5 12. Bb3 Nxf3+ 13. Qxf3 Bd7 14. Rfe1 Bc6 15. Qd3 Qe5 16. Re3 Rae8 17. Rae1 Qf4 18. Bc2 Re7 19. g3 Qh6 20. Qf1 Bd7 21. g4 Qf4 22. R1e2 h5 23. Rf3 Qg5 24. Rg3 hxg4 25. hxg4 Qf4 26. Qg2 g6 27. f3 Kg7 28. Rh3 Nh7 29. Rh1 1/2-1/2

[Event "Croatian-ch Youth U15 2022"]
[Site "Trogir"]
[Date "2022.06.22"]
[Round "2.3"]
[White "Colev, Ivor"]
[Black "Gazic, Adrian"]
[Result "1-0"]
[ECO "B33"]
[WhiteElo "1984"]
[BlackElo "1539"]
[Annotator "NA RC"]
[PlyCount "131"]
[EventDate "2022.06.22"]
[EventType "swiss"]
[EventCountry "CRO"]
[SourceTitle "playchess.com"]
[Source "ChessBase"]
[SourceQuality "1"]
[TimeControl "5400+30"]

1. e4 c5 2. Nf3 Nc6 3. d4 cxd4 4. Nxd4 Nf6 5. Nc3 e5 6. Ndb5 d6 7. Bg5 a6 8. Na3 b5 9. Nd5 Be7 10. Bxf6 Bxf6 11. c3 O-O 12. Be2 Bg5 13. O-O Be6 14. Nc2 Ne7 15. Nce3 Bxe3 16. Nxe3 Qb6 17. Bg4 Bxg4 18. Qxg4 Rad8 19. Rad1 Kh8 20. Rd3 g6 21. Qh4 f6 22. Rfd1 Rd7 23. Qh6 Rfd8 24. Ng4 Ng8 25. Qh4 Rf7 26. Nh6 Nxh6 27. Qxh6 f5 28. exf5 Rxf5 29. Qe3 Qxe3 30. fxe3 Rf6 31. e4 Kg7 32. Rd5 Re6 33. R1d2 Kf7 34. a4 bxa4 35. Ra5 Ra8 36. Rxa4 Ke7 37. Rd5 Rf6 38. Rda5 Rb8 39. Ra2 Rf4 40. R5a4 h5 41. g3 Rg4 42. Kg2 d5 43. Kf3 dxe4+ 44. Rxe4 Rf8+ 45. Ke3 Rxe4+ 46. Kxe4 Rf2 47. Kxe5 Rxh2 48. Rxa6 Rxb2 49. Rxg6 Rg2 50. Rg7+ Kf8 51. Rg5 Ke7 52. c4 Rc2 53. Kd4 Rh2 54. Kc5 h4 55. gxh4 Rxh4 56. Rd5 Rh6 57. Rd1 Rg6 58. Kb5 Rg8 59. c5 Rb8+ 60. Kc6 Rc8+ 61. Kb6 Rb8+ 62. Kc7 Rb2 63. c6 Re2 64. Kc8 Re6 65. c7 Re2 66. Rb1 1-0

[Event "Croatian-ch Youth U15 2022"]
[Site "Trogir"]
[Date "2022.06.22"]
[Round "2.4"]
[White "Krizanic, Petar"]
[Black "Sundac, Ivano"]
[Result "0-1"]
[ECO "B23"]
[WhiteElo "1481"]
[BlackElo "1978"]
[Annotator "NA RC"]
[PlyCount "82"]
[EventDate "2022.06.22"]
[EventType "swiss"]
[EventCountry "CRO"]
[SourceTitle "playchess.com"]
[Source "ChessBase"]
[SourceQuality "1"]
[TimeControl "5400+30"]

1. e4 c5 2. Nc3 Nc6 3. f4 g6 4. Nf3 Bg7 5. Bc4 e6 6. O-O Nge7 7. d3 O-O 8. Bd2 d5 9. Bb3 a6 10. a4 b6 11. Qe1 Bb7 12. Qh4 Nd4 13. Rad1 Rc8 14. Ng5 h6 15. Nf3 f5 16. e5 Nxf3+ 17. gxf3 c4 18. dxc4 dxc4 19. Be3 Qe8 20. Ba2 b5 21. a5 b4 22. Ne2 Nd5 23. Bd4 Qb5 24. Rf2 Qxa5 25. Bb1 Qd8 26. Qg3 Kh7 27. Rg2 Qe8 28. Kh1 Rg8 29. Rdg1 Bf8 30. h4 Be7 31. Qh3 h5 32. c3 a5 33. Qg3 a4 34. cxb4 Bxb4 35. Ba2 Qc6 36. Qf2 Be7 37. Rf1 a3 38. bxa3 Bxa3 39. Rfg1 Nb4 40. Bb1 Qxf3 41. Qe1 Qh3# 0-1

[Event "Croatian-ch Youth U15 2022"]
[Site "Trogir"]
[Date "2022.06.22"]
[Round "2.5"]
[White "Jakovic, Roko"]
[Black "Frouth, Vibor"]
[Result "1/2-1/2"]
[ECO "A77"]
[WhiteElo "1944"]
[BlackElo "1493"]
[Annotator "NA RC"]
[PlyCount "97"]
[EventDate "2022.06.22"]
[EventType "swiss"]
[EventCountry "CRO"]
[SourceTitle "playchess.com"]
[Source "ChessBase"]
[SourceQuality "1"]
[TimeControl "5400+30"]

1. d4 Nf6 2. c4 c5 3. d5 e6 4. Nc3 exd5 5. cxd5 d6 6. e4 g6 7. Nf3 Bg7 8. Be2 a6 9. a4 O-O 10. O-O Re8 11. Nd2 Nfd7 12. Kh1 Nf8 13. f4 f5 14. Bd3 fxe4 15. Ncxe4 Bf5 16. Qf3 Qc7 17. g4 Bxe4 18. Bxe4 Nbd7 19. f5 gxf5 20. Qxf5 Nf6 21. g5 Nxe4 22. Nxe4 Re5 23. Qg4 Kh8 24. Nf6 Bxf6 25. gxf6 Qf7 26. Bh6 Ng6 27. Rae1 Rxe1 28. Rxe1 Qxf6 29. Bg5 Qxb2 30. Qe6 Rf8 31. Be7 Nxe7 32. Qxe7 Qf6 33. Qxf6+ Rxf6 34. Re7 Rf5 35. Rxb7 Rxd5 36. Rb6 Rd1+ 37. Kg2 c4 38. Rxa6 d5 39. Rc6 Ra1 40. Rc5 Rxa4 41. Rxd5 c3 42. Rc5 Ra2+ 43. Kg3 c2 44. Rc7 Ra3+ 45. Kf2 Ra2 46. Ke3 Ra3+ 47. Kd2 Rh3 48. Kxc2 Rxh2+ 49. Kd3 1/2-1/2

[Event "Croatian-ch Youth U15 2022"]
[Site "Trogir"]
[Date "2022.06.22"]
[Round "2.6"]
[White "Gal, Andrej"]
[Black "Radic, Len"]
[Result "1-0"]
[ECO "D07"]
[WhiteElo "1874"]
[BlackElo "1457"]
[Annotator "NA RC"]
[PlyCount "81"]
[EventDate "2022.06.22"]
[EventType "swiss"]
[EventCountry "CRO"]
[SourceTitle "playchess.com"]
[Source "ChessBase"]
[SourceQuality "1"]
[TimeControl "5400+30"]

1. d4 d5 2. c4 Nc6 3. Nf3 Bg4 4. cxd5 Bxf3 5. gxf3 Qxd5 6. e3 e5 7. Nc3 Bb4 8. Bd2 Bxc3 9. bxc3 Qd6 10. Rb1 Rb8 11. Be2 Nge7 12. O-O O-O 13. Kh1 f5 14. Qc2 Rf6 15. Rg1 b6 16. Rg2 Rbf8 17. Rbg1 Rg6 18. Bc1 Rxg2 19. Rxg2 Rf6 20. Qb3+ Kh8 21. Ba3 Qd8 22. Qc2 Qc8 23. dxe5 Rg6 24. Rxg6 Nxg6 25. f4 Nge7 26. Qd3 Qe6 27. c4 Qc8 28. Bf3 a5 29. Qc3 Qd8 30. Bb2 Nb4 31. e6 Qg8 32. a3 Nbc6 33. Bd5 Qf8 34. Qd3 Qd8 35. Kg1 Kg8 36. Qc3 Qf8 37. Bf3 Kh8 38. Qd3 Qd8 39. Qd7 Qxd7 40. exd7 Kg8 41. Be5 1-0

[Event "Croatian-ch Youth U15 2022"]
[Site "Trogir"]
[Date "2022.06.22"]
[Round "2.7"]
[White "Djuric, Leon"]
[Black "Zadro, Matej"]
[Result "1/2-1/2"]
[ECO "A57"]
[WhiteElo "1475"]
[BlackElo "1861"]
[Annotator "NA RC"]
[PlyCount "23"]
[EventDate "2022.06.22"]
[EventType "swiss"]
[EventCountry "CRO"]
[SourceTitle "playchess.com"]
[Source "ChessBase"]
[SourceQuality "1"]
[TimeControl "5400+30"]

1. d4 Nf6 2. c4 c5 3. d5 b5 4. cxb5 a6 5. Nc3 axb5 6. Nxb5 g6 7. a4 Ne4 8. Nf3 Qa5+ 9. Nd2 Ba6 10. b4 cxb4 11. Nxe4 Bg7 12. Rb1 1/2-1/2

[Event "Croatian-ch Youth U15 2022"]
[Site "Trogir"]
[Date "2022.06.22"]
[Round "2.8"]
[White "Tomljanovic, Ivano"]
[Black "Mlinaric, Simun"]
[Result "0-1"]
[ECO "A53"]
[WhiteElo "1844"]
[BlackElo "1399"]
[Annotator "NA RC"]
[PlyCount "86"]
[EventDate "2022.06.22"]
[EventType "swiss"]
[EventCountry "CRO"]
[SourceTitle "playchess.com"]
[Source "ChessBase"]
[SourceQuality "1"]
[TimeControl "5400+30"]

1. d4 Nf6 2. c4 d6 3. Nc3 e5 4. dxe5 dxe5 5. Qxd8+ Kxd8 6. Bg5 Be6 7. O-O-O+ Nbd7 8. Nf3 Kc8 9. e3 c6 10. Be2 Bb4 11. Na4 Ne4 12. Bh4 f6 13. a3 Be7 14. Nd2 Nxd2 15. Rxd2 Nb6 16. Nxb6+ axb6 17. Bg3 Ra4 18. Rc2 Bf5 19. Rc3 Bb4 20. Rb3 Ba5 21. Rd1 Be6 22. Rbd3 Bxc4 23. Bg4+ Kb8 24. Rd8+ Rxd8 25. Rxd8+ Ka7 26. b4 Bxb4 27. axb4 Rxb4 28. Bf3 Be6 29. Re8 Rc4+ 30. Kb2 Bg4 31. Bxg4 Rxg4 32. Re7 b5 33. f3 Rg6 34. e4 Ka6 35. Re8 b6 36. Kb3 c5 37. Re7 h5 38. Kc3 b4+ 39. Kc4 h4 40. Bxh4 Rxg2 41. Bg3 Rc2+ 42. Kb3 Rc3+ 43. Kb2 g5 0-1

[Event "Croatian-ch Youth U15 2022"]
[Site "Trogir"]
[Date "2022.06.22"]
[Round "2.9"]
[White "Lukinovic, Laura"]
[Black "Begic, Klara"]
[Result "0-1"]
[ECO "D31"]
[WhiteElo "1164"]
[BlackElo "1727"]
[Annotator "NA RC"]
[PlyCount "48"]
[EventDate "2022.06.22"]
[EventType "swiss"]
[EventCountry "CRO"]
[SourceTitle "playchess.com"]
[Source "ChessBase"]
[SourceQuality "1"]
[TimeControl "5400+30"]

1. d4 d5 2. Nf3 Bf5 3. c4 e6 4. Nc3 Nf6 5. Bf4 Bd6 6. Bg3 O-O 7. e3 c6 8. cxd5 exd5 9. Bd3 Bxd3 10. Qxd3 Re8 11. Bxd6 Qxd6 12. O-O Nbd7 13. Rab1 a5 14. a3 Ne4 15. b4 b5 16. Na2 Nb6 17. Nd2 axb4 18. Nxb4 Nxd2 19. Qxd2 Nc4 20. Qe2 Rxa3 21. Rfc1 Rea8 22. g3 R3a4 23. Nd3 Ra2 24. Qe1 Nd2 0-1

[Event "Croatian-ch Youth U15 2022"]
[Site "Trogir"]
[Date "2022.06.22"]
[Round "2.10"]
[White "Karij, Petra"]
[Black "Botica, Lucija"]
[Result "1/2-1/2"]
[ECO "B21"]
[WhiteElo "1433"]
[BlackElo "1145"]
[Annotator "NA RC"]
[PlyCount "63"]
[EventDate "2022.06.22"]
[EventType "swiss"]
[EventCountry "CRO"]
[SourceTitle "playchess.com"]
[Source "ChessBase"]
[SourceQuality "1"]
[TimeControl "5400+30"]

1. e4 c5 2. d4 cxd4 3. Qxd4 Nc6 4. Qd3 Nf6 5. c4 e6 6. Nc3 Bc5 7. Bg5 Bxf2+ 8. Kxf2 Ng4+ 9. Ke1 Qxg5 10. Nf3 Qe3+ 11. Qxe3 Nxe3 12. Kd2 Nxf1+ 13. Rhxf1 O-O 14. Nb5 a6 15. Nd6 f6 16. Kc3 Rb8 17. Rf2 b5 18. c5 a5 19. Rd1 Ba6 20. b3 b4+ 21. Kb2 Ne5 22. Nxe5 fxe5 23. Rc2 Bb7 24. Nxb7 Rxb7 25. Rd6 Rf6 26. Ra6 Rf4 27. Re2 Rb5 28. c6 dxc6 29. Rxc6 Rf6 30. Rc7 Rf7 31. Rc6 Rf6 32. Rc7 1/2-1/2

[Event "Croatian-ch Youth U15 2022"]
[Site "Trogir"]
[Date "2022.06.22"]
[Round "2.11"]
[White "Friscic, Laura"]
[Black "Zovko, Josipa"]
[Result "0-1"]
[ECO "C01"]
[WhiteElo "1106"]
[BlackElo "1419"]
[Annotator "NA RC"]
[PlyCount "86"]
[EventDate "2022.06.22"]
[EventType "swiss"]
[EventCountry "CRO"]
[SourceTitle "playchess.com"]
[Source "ChessBase"]
[SourceQuality "1"]
[TimeControl "5400+30"]

1. c4 e6 2. e4 d5 3. exd5 exd5 4. d4 c6 5. Nc3 Bb4 6. Bd2 Nf6 7. Nf3 O-O 8. Be2 dxc4 9. Bxc4 Re8+ 10. Ne2 Bxd2+ 11. Qxd2 Bg4 12. Ne5 Be6 13. Qb4 Qe7 14. Qb3 Bxc4 15. Qxc4 Nd5 16. a3 Kf8 17. g3 f6 18. Nf3 Qe4 19. Kd2 Qxf3 20. Rhf1 Nd7 21. Rae1 N7b6 22. Qc2 Qe4 23. Qc5+ Qe7 24. Qc2 Kg8 25. Nc3 Qf7 26. Qb3 Nxc3 27. Qxf7+ Kxf7 28. bxc3 Nc4+ 29. Kd3 Nxa3 30. c4 b5 31. cxb5 cxb5 32. Ra1 b4 33. Ra2 a5 34. Rc1 Rec8 35. Re1 Rab8 36. Kd2 Nc4+ 37. Kd3 b3 38. Rae2 Rc7 39. Rc1 b2 40. Rb1 a4 41. Rc2 a3 42. Rxc4 Rxc4 43. Kxc4 a2 0-1

[Event "Croatian-ch Youth U15 2022"]
[Site "Trogir"]
[Date "2022.06.23"]
[Round "3.1"]
[White "Horcicka, Jan"]
[Black "Grgantov, Marin"]
[Result "1/2-1/2"]
[ECO "C50"]
[WhiteElo "1804"]
[BlackElo "2081"]
[Annotator "TA"]
[PlyCount "55"]
[EventDate "2022.06.22"]
[EventType "swiss"]
[EventCountry "CRO"]
[SourceTitle "playchess.com"]
[Source "ChessBase"]
[SourceQuality "1"]
[TimeControl "5400+30"]

1. e4 e5 2. Nf3 Nc6 3. Bc4 Bc5 4. Nc3 d6 5. h3 Nf6 6. d3 h6 7. Bd2 {[%emt 0:00:05] Recently 7.Na4 got a lot of attention.} a6 {[%emt 0:02:44] C50: Hungarian Defence and Giuoco Pianissimo.} 8. a3 Be6 9. Ba2 Qd7 10. Qe2 {[%emt 0:01:55] [#]} Ne7 $146 ({Predecessor:} 10... Bxa2 11. Nxa2 Qe6 12. b4 Bb6 13. c4 Nd4 14. Nxd4 Bxd4 15. Nc3 c6 16. Rc1 O-O {½-½ (30) Skaale,J (1835)-Hansen,H (1971) Faroe Islands 2020}) 11. Nd1 Ng6 12. c3 Bxa2 13. Rxa2 d5 14. d4 dxe4 (14... Be7 $15) 15. Nxe5 $11 Qe6 16. Nxg6 fxg6 17. Ra1 Bb6 18. Ne3 O-O 19. Nc4 Ba7 20. Ne5 Kh7 21. O-O c5 22. Be3 cxd4 {[%emt 0:01:21] The position is equal.} 23. Bxd4 Bxd4 24. cxd4 Rad8 25. Rfd1 Rd5 26. Rac1 Rc8 27. Qe3 Rdd8 28. Kh2 {[%emt 0:11:52] Weighted Error Value: White=0.12 (very precise) /Black=0.09 (flawless)} 1/2-1/2

[Event "Croatian-ch Youth U15 2022"]
[Site "Trogir"]
[Date "2022.06.23"]
[Round "3.2"]
[White "Konjevic, Nikola"]
[Black "Colev, Ivor"]
[Result "0-1"]
[ECO "B07"]
[WhiteElo "1708"]
[BlackElo "1984"]
[Annotator "TA"]
[PlyCount "80"]
[EventDate "2022.06.22"]
[EventType "swiss"]
[EventCountry "CRO"]
[SourceTitle "playchess.com"]
[Source "ChessBase"]
[SourceQuality "1"]
[TimeControl "5400+30"]

1. e4 c5 2. c3 d6 3. d4 Nf6 4. Bd3 Nc6 5. Nf3 Bg4 6. Be3 (6. d5 $1 $16 Bxf3 7. Qxf3) 6... g6 {[%emt 0:01:40] B07: Pirc Defence: Miscellaneous Systems.} (6... d5 $11) 7. Nbd2 {[%emt 0:07:12] [#]} (7. d5 $5 Bxf3 8. Qxf3 $14 (8. gxf3 Ne5 $14)) 7... Nd7 $146 ({Predecessor:} 7... Bg7 8. h3 Bxf3 9. Nxf3 O-O 10. dxc5 dxc5 11. Bxc5 Nh5 12. Be3 Qd6 13. Bc2 Rfd8 14. Qxd6 Rxd6 {1-0 (42) Kaptijn,J (1624)-Verzijden,M (1339) Hengelo 2005}) 8. h3 Bxf3 {[%emt 0:00:09] White is slightly better.} 9. Nxf3 ({Of course not} 9. Qxf3 cxd4 10. cxd4 Bg7 $11) 9... Bg7 10. O-O O-O 11. Rc1 Rb8 12. Qd2 Re8 13. Bb5 (13. b4 $16) 13... Qb6 14. Be2 Qc7 15. Rfd1 b5 16. e5 (16. b4 $16) 16... dxe5 $14 17. dxc5 Red8 (17... Nf6 $14) 18. Qe1 ({Better is} 18. Qc2 $1 $16) 18... a6 (18... e4 $11 19. Nd4 Nxd4 20. cxd4 Nf6) 19. b4 f5 (19... e4 $16 {was called for.}) 20. Rc2 (20. a4 $18 {has better winning chances.}) 20... e4 21. Nd4 Nxd4 22. cxd4 ({White should try} 22. Bxd4 $16 Bxd4 23. Rxd4) 22... Nf6 (22... Nb6 $5) 23. c6 (23. a4 $14 {keeps the upper hand.}) 23... Nd5 $1 $17 {[%emt 0:01:07] Black converts the advantage convincingly.} 24. Rc5 {[%emt 0:02:33] [#]} e6 $1 25. a3 Rd6 26. g3 Rxc6 27. Rdc1 Rxc5 28. Rxc5 Qd6 {[%emt 0:01:22] Black is more active.} 29. Kg2 $2 {[%emt 0:02:03] [#]} (29. Qc1 $17) 29... f4 $1 $19 30. gxf4 {[%emt 0:03:03] [#]} Bxd4 $1 31. Bxd4 Nxf4+ {[%emt 0:00:05][%mdl 64] Discovered Attack} 32. Kh1 Qxd4 33. Bg4 $2 (33. Bf1 {only move.}) 33... Rf8 {[%emt 0:07:24] Strongly threatening ...h5.} ({But not} 33... h5 $2 34. Qe3 Qa1+ 35. Rc1 $19) 34. Qe3 Qf6 {[%emt 0:03:31] White must now prevent ...Nd3.} 35. Qxe4 h5 36. Be2 Nxh3 37. Qe3 Nxf2+ 38. Kg2 Ng4 39. Bxg4 hxg4 40. Rc6 (40. Qe1 $19) 40... Qf1+ {[%emt 0:00:14] Weighted Error Value: White=0.64/Black=0.18 (very precise)} 0-1